AoeStats
← TCK-Busifikator

Arena

507089864Analyzed
1v1 RM · 17d ago on Sep 16, 2026· 44m 57s· 2 players
Game mode
Random Map
Map size
Tiny (2 player)
Population
200
Speed
Normal
Resources
Standard
Victory
Conquest
Starting age
Dark Age
Ending age
Imperial Age
RankedLock teamsTeams togetherTeam positionsShared explorationLock speedFull tech treeHidden civsTurbo modeCheats
Victory
Defeat
🇦🇷 Byzantines · Argentina
1064
+16
🇺🇦 Saracens · Ukraine
1061
-16
TCK-Busifikator
12:18 Feudal Age
13:15 Loom
15:59 Castle Age
14:06 Double-Bit Axe
14:07 Horse Collar
16:28 Fletching
18:12 Crossbowman
24:29 Bodkin Arrow
25:50 Wheelbarrow
27:58 Padded Archer Armor
28:03 Scale Barding Armor
28:03 Light Cavalry
28:54 Bloodlines
29:01 Forging
30:58 Chain Barding Armor
38:48 Imperial Age
37:29 Bow Saw
37:10 Gold Mining
40:07 Plate Barding Armor
39:13 Elite Mameluke
40:27 Conscription
41:42 Iron Casting
44:08 Hussar
Zalata
10:37 Feudal Age
14:38 Castle Age
12:44 Double-Bit Axe
20:01 Bow Saw
20:53 Horse Collar
23:39 Loom
25:07 Wheelbarrow
27:36 Imperial Age
25:09 Gold Mining
25:08 Elite Skirmisher
25:50 Padded Archer Armor
25:42 Fletching
27:32 Leather Archer Armor
27:16 Bodkin Arrow
28:37 Leather Archer Armor
30:48 Bracer
31:11 Pikeman
32:04 Scale Barding Armor
32:11 Forging
33:13 Ring Archer Armor
33:30 Scale Mail Armor
35:30 Iron Casting
35:40 Hand Cart
36:15 Chain Mail Armor
36:25 Halberdier
39:25 Squires
40:47 Plate Mail Armor
40:39 Chain Barding Armor
40:58 Ballistics
41:55 Chemistry
42:03 Conscription
43:54 Arson
Connection lost

Rejoining the realm…

Still unreachable

The connection could not be restored.

Session expired

The server has moved on; the page needs a fresh start.